 Dungeon Crawl Stone Soup version 0.26-a0-663-g36e8fdb655 (webtiles) character file.

Game seed: 94178747336435485

99 grandjackal the Slasher (level 4, -3/52 HPs)
             Began as a Demonspawn Gladiator on Oct 10, 2020.
             Slain by a two-headed ogre
             ... wielding a +0 giant club
              (5 damage)
             ... on level 4 of the Dungeon.
             The game lasted 00:02:25 (3011 turns).

grandjackal the Slasher (Demonspawn Gladiator)      Turns: 3011, Time: 00:02:25

Health: -3/52      AC: 22    Str: 15    XL:     4   Next: 45%
Magic:  4/4        EV:  2    Int: 10    God:
Gold:   246        SH:  0    Dex: 14    Spells: 3/3 levels left

rFire    . . .     SeeInvis .   a - +0 long sword
rCold    . . .     Faith    .   (no shield)
rNeg     + + +     Spirit   .   (armour currently unavailable)
rPois    +         Reflect  .   (helmet currently unavailable)
rElec    .         Harm     .   (cloak currently unavailable)
rCorr    .         Rampage  .   (gloves currently unavailable)
MR       .....     NoTele   +   (boots currently unavailable)
Stlth    +.........             (no amulet)
HPRegen  0.17/turn              (no ring)
MPRegen  0.09/turn              (no ring)

@: tree-form (expiring)
A: no striking features
a: no special abilities


You were on level 4 of the Dungeon.
You were a tree.
You visited 1 branch of the dungeon, and saw 4 of its levels.

You collected 246 gold pieces.

Inventory:

Hand Weapons
 a - a +0 long sword (weapon)
 g - a +4 dagger of draining
Armour
 b - a +0 leather armour (melded)
 k - a +2 helmet (melded)
 n - a +0 kite shield
Jewellery
 c - a cursed amulet of inaccuracy {unknown}
Scrolls
 e - 6 scrolls of identify {unknown}
 f - a scroll of remove curse {unknown}
 h - 2 scrolls of teleportation {unknown}
 i - a scroll of enchant weapon {unknown}
 m - a scroll of amnesia {unknown}
Potions
 j - a potion of curing


   Skills:
 + Level 3.2 Fighting
 + Level 3.5 Long Blades
 - Level 1.7 Throwing
 + Level 3.4 Dodging


You had 3 spell levels left.
You didn't know any spells.
Your spell library was empty.

Dungeon Overview and Level Annotations

Branches:
Dungeon (4/15)
 Temple: D:4-7

Altars:
Dithmenos
Hepliaklqana
Nemelex Xobeh
Wu Jian


Innate Abilities, Weirdness & Mutations

((You are partially covered in thin metallic scales. (AC +2)))
((Your flesh is heat resistant. (rF+)))


Message History

The two-headed ogre is severely wounded.
Your transformation is almost over.
The two-headed ogre hits you but does no damage.
The two-headed ogre hits you with a +0 giant spiked club!
* * * LOW HITPOINT WARNING * * *
You barely miss the two-headed ogre.
The two-headed ogre is severely wounded.
The two-headed ogre hits you but does no damage.
The two-headed ogre hits you with a +0 giant spiked club.
* * * LOW HITPOINT WARNING * * *
You hit the two-headed ogre.
The two-headed ogre is almost dead.
The two-headed ogre hits you but does no damage.
The two-headed ogre hits you with a +0 giant spiked club!
* * * LOW HITPOINT WARNING * * *
You barely miss the two-headed ogre.
The two-headed ogre is almost dead.
The two-headed ogre hits you but does no damage.
The two-headed ogre hits you with a +0 giant spiked club.
You die...

#.. # ......... ..#.
....... .... ...... ..#
#....### ..# #......
#.###.#.###....#
#..$..#.....†..###
#O#########......#
#.♣...#.....#.##.#
########.###.#.###.#.##.#
.........# #)#.# #...##.##
.#######.###.#.###........
#......[.....###.##
###.#.#..#.......##
#........#.######
###.#......# #
...........# #


You could see a two-headed ogre.

Vanquished Creatures
  A worker ant (D:4)
  2 adders (D:3)
  An ooze (D:2)
  A worm (D:3)
  3 leopard geckos
  An orc (D:2)
  3 giant cockroaches (D:3)
  5 goblins
  5 hobgoblins
  2 jackals (D:2)
  2 quokkas
  3 ball pythons (D:2)
  2 bats
  5 kobolds
  10 rats
46 creatures vanquished.

Notes
Turn   | Place    | Note
-------+----------+-------------------------------------------
     0 | D:1      | grandjackal the Demonspawn Gladiator began the quest for
                  | the Orb.
     0 | D:1      | Reached XP level 1. HP: 16/16 MP: 1/1
   309 | D:1      | Gained mutation: You are partially covered in thin metallic
                  | scales. (AC +2) [demonic ancestry]
   309 | D:1      | Reached XP level 2. HP: 22/22 MP: 2/2
  1590 | D:2      | Gained mutation: Your flesh is heat resistant. (rF+)
                  | [demonic ancestry]
  1590 | D:2      | Reached XP level 3. HP: 25/28 MP: 3/3
  1983 | D:3      | Found a sparkling altar of Nemelex Xobeh.
  2182 | D:3      | Reached XP level 4. HP: 35/35 MP: 4/4
  2475 | D:3      | Found an ornate altar of the Wu Jian Council.
  2533 | D:3      | Found a hazy altar of Hepliaklqana.
  2534 | D:3      | Found a shadowy altar of Dithmenos.
  2535 | D:3      | Noticed a shadow
  2978 | D:4      | Noticed a two-headed ogre
  3010 | D:4      | HP: 2/52 [two-headed ogre/+0 giant club (10)]
  3011 | D:4      | Slain by a two-headed ogre

Illustrated notes

Levels and vault maps discovered:
D:1:      zaba_arrival_water, layout_basic
D:2:      layout_loops_ring
D:3:      layout_loops_ring, riverfiend_overflow_shadow_ancestor,
          lemuel_doored_altar, nemelex_xobeh_ov_fountains_minmay
D:4:      layout_loops_cross, minmay_misc_feat_cross,
          grunt_dithmenos_smoke_and_mirrors

Skill      XL: |  1  2  3 |
---------------+----------+-----
Long Blades    | 3 |  3.5
Dodging        | 3 |  3.4
Fighting       | 3 |  3.2
Throwing       | |  1.7

Action                   |  1- 3 |  4- 6 || total
-------------------------+-------+-------++-------
Melee: Long sword        |   102 |    56 ||   158
Throw: Throwing net      |       |     5 ||     5
  Use: Potion            |       |     2 ||     2
 Stab: Sleeping          |     1 |       ||     1
       Held in net/web   |       |     1 ||     1
Armor: Leather armour    |    35 |     6 ||    41
       Skin              |       |     9 ||     9
Dodge: Dodged            |    63 |    31 ||    94
       Rpst.: Long sword |    18 |     8 ||    26

Table legend: (Time is in decaauts)
 A = Elapsed time spent in this place.
 B = Non-inter-level travel time spent in this place.
 C = Inter-level travel time spent in this place.
 D = Time resting spent in this place.
 E = Time spent auto-exploring this place.
 F = Levels seen in this place.
 G = Mean time per level.
                   A        B        C        D        E       F      G
               +--------+--------+--------+--------+--------+-----+--------+
         Total |   3055 |   2914 |    141 |    588 |   1936 |   4 |  763.8 |
       Dungeon |   3055 |   2914 |    141 |    588 |   1936 |   4 |  763.8 |
               +--------+--------+--------+--------+--------+-----+--------+

Top non-repeatable levels by time:
     D:3: 1318 daAuts
     D:1: 824 daAuts
     D:2: 790 daAuts
     D:4: 121 daAuts
